 Dungeon Crawl Stone Soup version 0.19-a0-1225-gf887c1c (webtiles) character file.

0 glosham the Ducker (level 1, -18/11 HPs)
             Began as a Spriggan Abyssal Knight on Aug 25, 2016.
             Was a Follower of Lugonu.
             Killed from afar by a raiju (20 damage)
             ... with a living lightning
             ... on level 1 of the Abyss.
             The game lasted 00:01:43 (104 turns).

glosham the Ducker (Spriggan Abyssal Knight)         Turns: 104, Time: 00:01:44

Health: -18/11     AC:  2    Str:  8    XL:     1   Next: 0%
Magic:  3/3        EV: 18    Int: 13    God:    Lugonu [*.....]
Gold:   14         SH:  0    Dex: 15    Spells: 0 memorised, 0 levels left

rFire  . . .     SeeInvis +     a - +1 short sword
rCold  . . .     Gourm    .     b - +0 robe
rNeg   . . .     Faith    .     (shield restricted)
rPois  .         Spirit   .     (helmet restricted)
rElec  .         Dismiss  .     (no cloak)
rCorr  .         Reflect  .     (gloves unavailable)
MR     .....     Harm     .     (boots unavailable)
Stlth  +.........               (no amulet)
                                (no ring)
                                (no ring)

@: non-regenerating, diseased, very quick
A: unfitting armour, see invisible, herbivore 3, speed 3, slow metabolism 2
a: Depart the Abyss, Renounce Religion


You were on level 1 of the Abyss.
You worshipped Lugonu.
Lugonu was aware of your devotion.
You were not hungry.

You visited 0 branches of the dungeon, and saw 0 of its levels.
You visited the Abyss 1 time.

You collected 14 gold pieces.

Inventory:

Hand Weapons
 a - a +1 short sword (weapon)
Armour
 b - a +0 robe (worn)
Comestibles
 c - a bread ration


   Skills:
 - Level 2.4 Fighting
 - Level 2.1 Short Blades
 - Level 3.5 Dodging
 + Level 0.0 Stealth
 - Level 1.7 Invocations


You couldn't memorise any spells.
You didn't know any spells.

Dungeon Overview and Level Annotations

Branches:
Dungeon (0/15)

Altars:


Innate Abilities, Weirdness & Mutations

You are tiny and cannot use many weapons and most armour.
You have supernaturally acute eyesight. (SInv)
You are a herbivore.
You cover ground extremely quickly.
You need consume almost no food.


Message History

Welcome, glosham the Spriggan Abyssal Knight.
The bosom of this dungeon contains the fabled artefact, the Orb of Zot.
Lugonu says: Depart the Abyss and spread corruption, my servant! (use the ability menu to exit the Abyss) Press ? for a list of commands and other information.
Found a corrupted altar of Lugonu.
Unknown command.
Found a leather armour.
Unknown command.
Found 20 sling bullets.
Found a hunting sling.
The raiju barks!
An iron imp comes into view.
The iron imp shouts, "Go and return not, thou droning weevil-witted death-token!"
You feel yourself growing ill in the presence of the ancient zyme.
Found a gateway leading deeper into the Abyss.
An ancient zyme comes into view.
Found 14 gold pieces.
Found a runed leather armour.
You see here 14 gold pieces.
You now have 14 gold pieces.
A ynoxinul and a tentacled starspawn come into view.
The ynoxinul bellows!
You feel yourself growing ill in the presence of the ancient zyme.
The ynoxinul gestures.
You feel ill.
A tentacle flies out from the starspawn's body!
The ynoxinul gestures.
A starspawn tentacle comes into view.
A ynoxinul comes into view.
The raiju looks sick.
You feel ill. The iron imp hits you!
Ouch! That really hurt!
* * * LOW HITPOINT WARNING * * *
You feel ill.
The raiju bursts into living lightning!
The living lightning hits you!
Ouch! That really hurt!
You die...

. . . . ........... . .
.. ................ ..
......... ....... . ...
#......# ......## ....
.##......##......## . ..
.....................
.[................ .....
.......@................
......................
.........5......... .
...........3h...........
..##......##5.....# ....
..##.....5##x.....# . .
.........5.555.....3.....
.......................
....................... .


You could see an ancient zyme, a smoke demon, a raiju, an iron imp and 4
ufetubi.

Vanquished Creatures (others)
  4 starspawn tentacles (Abyss:1)
4 creatures vanquished.

Notes
Turn   | Place    | Note
-------+----------+-------------------------------------------
     0 | Abyss:1  | glosham the Spriggan Abyssal Knight began the quest for the Orb.
     0 | Abyss:1  | Reached XP level 1. HP: 11/11 MP: 3/3
    51 | Abyss:1  | Noticed a smoke demon
    51 | Abyss:1  | Noticed a raiju
    63 | Abyss:1  | Noticed an iron imp
    69 | Abyss:1  | Noticed an ancient zyme
    81 | Abyss:1  | Noticed a tentacled starspawn
    81 | Abyss:1  | Noticed a ynoxinul
    96 | Abyss:1  | Noticed a ynoxinul
   104 | Abyss:1  | Killed from afar by a raiju

Vault maps used:

Table legend:
 A = Turns spent in this place as a percentage of turns spent in the entire game.
 B = Non-inter-level travel turns spent in this place as a percentage of non-inter-level travel turns spent in the entire game.
 C = Inter-level travel turns spent in this place as a percentage of turns spent in this place.
 D = Turns resting spent in this place as a percentage of non-inter-level travel turns spent in this place.
 E = Turns spent auto-exploring this place as a percentage of non-inter-level travel turns spent in this place.
 F = Non-inter-level travel turns spent in this place divided by the number of levels of this place that you've seen.
                   A       B       C       D       E      F
               +-------+-------+-------+-------+-------+----------------------
         Total | 100.0 | 100.0 |   0.0 |   0.0 |   0.0 | 108.0
         Abyss | 100.0 | 100.0 |   0.0 |   0.0 |   0.0 | 108.0
               +-------+-------+-------+-------+-------+----------------------

Vault maps used:
